 Dungeon Crawl Stone Soup version 0.27-a0-1513-g2aaa0cc67b (webtiles) character file.

Game seed: 14615078922076228707

11087 Sin92 the Carver (level 11, -1/84 HPs)
             Began as a Demonspawn Fighter on July 9, 2021.
             Was a High Priest of Okawaru.
             Killed by vampiric draining
             ... invoked by a vampire
              (20 damage)
             ... on level 10 of the Dungeon.
             The game lasted 00:23:56 (11517 turns).

Sin92 the Carver (Demonspawn Fighter)              Turns: 11517, Time: 00:23:57

Health: -1/84      AC: 26    Str: 16    XL:     11   Next: 44%
Magic:  15/15      EV:  8    Int:  9    God:    Okawaru [*****.]
Gold:   443        SH: 15    Dex: 17    Spells: 10/10 levels left

rFire    + . .     SeeInvis .   a - +5 long sword (vamp)
rCold    . . .     Faith    .   c - +0 kite shield
rNeg     . . .     Spirit   .   s - +1 chain mail {rF+}
rPois    .         Reflect  .   (no helmet)
rElec    .         Harm     .   r - +2 cloak
rCorr    .         Rampage  .   u - +0 pair of gloves
Will     .....     Rnd*Tele +   (no boots)
Stlth    ..........             (no amulet)
HPRegen  0.24/turn              (no ring)
MPRegen  0.14/turn              (no ring)

@: sanguine armoured
A: hooves 1, foul stench 2, icemail 1, sanguine armour 1, condensation shield,
low mp 1, teleportitis 1
a: Renounce Religion, Heroism, Finesse


You were on level 10 of the Dungeon.
You worshipped Okawaru.
Okawaru was extremely pleased with you.
You visited 2 branches of the dungeon, and saw 11 of its levels.

You collected 443 gold pieces.

Inventory:

Hand Weapons
 a - a +5 vampiric long sword (weapon)
 d - a +1 scimitar of flaming
 w - a +0 mace of protection
Missiles
 k - 4 throwing nets (quivered)
Armour
 c - a +0 kite shield (worn)
 j - a +1 chain mail
 r - a +2 cloak (worn)
 s - a +1 chain mail of fire resistance (worn)
 u - a +0 pair of gloves (worn)
Jewellery
 b - a ring of flight
Wands
 v - a wand of acid (10)
 x - a wand of flame (50)
 y - a wand of mindburst (28)
 z - a wand of paralysis (8)
Scrolls
 e - 3 scrolls of blinking
 f - a scroll of fear
 g - 4 scrolls of teleportation
Potions
 h - 2 potions of brilliance
 i - 4 potions of heal wounds
 m - a potion of haste
 n - 5 potions of lignification {unknown}
 o - 2 potions of cancellation
 p - a potion of curing
 q - 3 potions of degeneration
 t - a potion of resistance


   Skills:
 + Level 7.5 Fighting
 * Level 9.4 Long Blades
 - Level 1.8 Maces & Flails
 + Level 7.0 Armour
 + Level 6.3 Dodging
 + Level 7.0 Shields
 + Level 7.6 Invocations


You had 10 spell levels left.
You didn't know any spells.
Your spell library contained the following spells:

 Spells                   Type           Power      Damage    Failure   Level
 Apportation              Tloc           0%         N/A       100%        1
 Freeze                   Ice            0%         1d3       100%        1
 Shock                    Conj/Air       0%         1d3       100%        1
 Call Canine Familiar     Summ           0%         N/A       100%        3
 Frozen Ramparts          Ice            0%         1d2       100%        3
 Ignite Poison            Fire/Tmut/Pois 0%         N/A       100%        3
 Mephitic Cloud           Conj/Pois/Air  0%         N/A       100%        3
 Portal Projectile        Hex/Tloc       0%         N/A       100%        3
 Swiftness                Air            0%         N/A       100%        3
 Airstrike                Air            0%         N/A       100%        4
 Fulminant Prism          Conj/Hex       0%         3d6       100%        4
 Hailstorm                Conj/Ice       0%         3d3       100%        4
 Iskenderun's Mystic Bla  Conj/Tloc      0%         2d3       100%        4
 Leda's Liquefaction      Hex/Erth       0%         N/A       100%        4
 Alistair's Intoxication  Tmut/Pois      0%         N/A       100%        5
 Bolt of Magma            Conj/Fire/Erth 0%         4d4       100%        5
 Lee's Rapid Deconstruct  Erth           0%         3d5*      100%        5
 Invisibility             Hex            0%         N/A       100%        6


Dungeon Overview and Level Annotations

Branches:
Dungeon (10/15)            Temple (1/1) D:5            Lair (0/6) D:9
    Orc (0/2) D:10

Altars:
Ashenzari
Cheibriados
Dithmenos
Elyvilon
Fedhas
Gozag
Kikubaaqudgha
Makhleb
Nemelex Xobeh
Okawaru
Qazlal
Ru
Sif Muna
Uskayaw
Vehumet
Wu Jian
Xom
Yredelemnul
Zin
The Shining One

Shops:
D:8 =   D:9 [


Innate Abilities, Weirdness & Mutations

You have large cloven feet.
You sometimes emit foul miasma when damaged in melee.
A meltable icy envelope protects you from harm. (AC +4)
When seriously injured, your bleeding wounds create armour. (AC +6)
A meltable shield of frost defends you. (SH +4)
Your magical capacity is low. (-10% MP)
You are occasionally teleported next to monsters.


Message History

You are too injured to fight recklessly!
You hit the orc wizard.
You feel better.
You kill the orc wizard!
Okawaru accepts your kill. You block something's attack.
Something bites you but does no damage. You block the orc's attack.
The orc hits you but does no damage.
You closely miss the orc. You kick the orc, but do no damage.
You block something's attack. x2; The orc hits you with a +0 short sword.
The orc hits you but does no damage.
Unknown command.
You slash the orc!
You feel better.
You kill the orc!
Okawaru accepts your kill. You block something's attack. Something bites you!
Something draws strength from your injuries!
You emit a cloud of foul miasma!
You block the orc's attack.
Unknown command.
Your chain mail prevents you from hitting the orc.
Something hits you! You block something's attack. You block the orc's attack.
You closely miss the orc. You kick the orc.
The orc is moderately wounded.
Something hits you but does no damage. You block something's attack.
The orc hits you with a +0 short sword.
You emit a cloud of foul miasma!
You slash something! Your kick misses something. You block something's attack.
Something bites you but does no damage.
The orc is engulfed in dark miasma.
The orc is poisoned.
The orc seems to slow down.
You block the orc's attack.
You hit something. Something hits you!
* * * LOW HITPOINT WARNING * * *
You block something's attack.
The orc is engulfed in dark miasma.
The orc looks even sicker.
The orc seems to slow down.
You kill the orc!
Okawaru accepts your kill.
You slash something! You kick something. Something hits you.
* * * LOW HITPOINT WARNING * * *
Something bites you but does no damage.
You closely miss something.
You hear some strange, mumbled words.
Something tries to affect you, but you resist.
Something draws life force from you!!
You die...

...........
....>....8..+####
.........W.......
..........#.....
...8.....#....
##.....####..#
......##.....####+######
......##.....##.)☼.....#
#.....##.......!@).....#
#.....##.......{)).....+
.......................#
)))....................#
).....##.....##........#
).<...#########..?.....#
.......................#
##'#####...............#
.......'...[....


There were no monsters in sight!

Vanquished Creatures
  Harold (D:7)
  A hydra (D:8)
  Erica (D:9)
  A catoblepas (D:9)
  An ugly thing (D:8)
  A cyclops (D:7)
  A gargoyle (D:7)
  An unseen horror (D:7)
  Psyche (D:9)
  3 trolls
  A hornet (D:9)
  Sigmund (D:5)
  8 yaks
  A vampire mosquito (D:7)
  2 steam dragons (D:8)
  Duvessa (D:6)
  2 water moccasins
  4 orc warriors
  2 wolves
  2 necrophages
  2 black bears
  3 ogres
  A sky beast (D:7)
  A hornet zombie (D:7)
  A centaur (D:6)
  2 phantoms (D:5)
  2 kobold brigands (D:9)
  Blork the orc (D:6)
  A gnoll sergeant (D:6)
  4 bullfrogs
  A wyvern zombie (D:8)
  Dowan (D:6)
  3 scorpions
  3 killer bees (D:7)
  A water moccasin skeleton (D:5)
  A howler monkey (D:9)
  An electric eel (D:7)
  A bullfrog zombie (D:5)
  4 centaur zombies (D:6)
  Crazy Yiuf (D:6)
  8 hounds
  A jelly (D:6)
  A gnoll shaman (D:7)
  3 orc priests (D:8)
  A centaur skeleton (D:7)
  Jessica (D:3)
  A bullfrog skeleton (D:5)
  7 orc wizards
  3 killer bee zombies
  A howler monkey zombie (D:7)
  3 gnolls (D:6)
  4 adders
  2 river rats (D:6)
  4 shadow imps
  2 white imps
  A worm (D:2)
  A dart slug (D:1)
  20 orcs
  4 bats
  8 endoplasms
  5 giant cockroaches
  A goblin (D:1)
  9 hobgoblins
  6 jackals
  A quokka (D:2)
  4 ball pythons
  2 frilled lizards
  15 kobolds
  A quokka skeleton (D:4)
  A rat (D:3)
192 creatures vanquished.

Vanquished Creatures (others)
  An unseen horror (D:7)
  A plant (D:5)
2 creatures vanquished.

Grand Total: 194 creatures vanquished

Notes
Turn   | Place    | Note
-------+----------+-------------------------------------------
     0 | D:1      | Sin92 the Demonspawn Fighter began the quest for the Orb.
     0 | D:1      | Reached XP level 1. HP: 18/18 MP: 1/1
   466 | D:1      | Reached skill level 2 in Long Blades
   659 | D:1      | Gained mutation: A meltable shield of frost defends you.
                  | (SH +4) [demonic ancestry]
   659 | D:1      | Reached XP level 2. HP: 23/24 MP: 2/2
  1271 | D:1      | Reached XP level 3. HP: 29/29 MP: 3/3
  1766 | D:2      | Found a faded altar of an unknown god.
  2221 | D:2      | Found a basalt altar of Yredelemnul.
  2256 | D:2      | Reached skill level 1 in Dodging
  3083 | D:3      | Reached XP level 4. HP: 34/35 MP: 4/4
  3238 | D:3      | Noticed Jessica
  3242 | D:3      | Killed Jessica
  3879 | D:4      | Reached skill level 3 in Long Blades
  4012 | D:5      | Entered Level 5 of the Dungeon
  4038 | D:5      | Gained mutation: You have large cloven feet. [demonic
                  | ancestry]
  4038 | D:5      | Reached XP level 5. HP: 22/41 MP: 5/5
  4241 | D:5      | Noticed an ogre
  4250 | D:5      | Killed an ogre
  4587 | D:5      | Gained mutation: When seriously injured, your bleeding
                  | wounds create armour. (AC +6) [demonic ancestry]
  4587 | D:5      | Reached XP level 6. HP: 44/48 MP: 6/6
  4688 | D:5      | Noticed Sigmund
  4713 | D:5      | Killed Sigmund
  4714 | D:5      | Reached skill level 4 in Long Blades
  4721 | D:5      | Gained mutation: You may rarely emit foul miasma when
                  | damaged in melee. [demonic ancestry]
  4721 | D:5      | Reached XP level 7. HP: 33/54 MP: 7/7
  5263 | D:5      | Found a staircase to the Ecumenical Temple.
  5528 | D:5      | Reached skill level 5 in Long Blades
  5533 | Temple   | Entered the Ecumenical Temple
  5743 | Temple   | Became a worshipper of Warmaster Okawaru
  5914 | D:6      | Noticed Blork the orc
  5923 | D:6      | Killed Blork the orc
  5924 | D:6      | Reached XP level 8. HP: 54/61 MP: 8/8
  5987 | D:6      | Reached skill level 1 in Invocations
  6160 | D:6      | Found an ornate altar of the Wu Jian Council.
  6322 | D:6      | Found a runed translucent door.
  6323 | D:6      | Noticed Crazy Yiuf
  6334 | D:6      | Killed Crazy Yiuf
  6433 | D:6      | Reached skill level 5 in Fighting
  6513 | D:6      | Found a shimmering blue altar of Sif Muna.
  6531 | D:6      | Reached * piety under Okawaru
  6532 | D:6      | Reached skill level 6 in Long Blades
  6598 | D:6      | Reached skill level 5 in Shields
  6767 | D:6      | Noticed Duvessa
  6767 | D:6      | Noticed Dowan
  6776 | D:6      | Killed Duvessa
  6777 | D:6      | Reached skill level 5 in Armour
  6785 | D:6      | Killed Dowan
  6786 | D:6      | Gained mutation: A meltable icy envelope protects you from
                  | harm. (AC +4) [demonic ancestry]
  6786 | D:6      | Reached XP level 9. HP: 50/68 MP: 11/11
  7150 | D:7      | Found an opulent altar of Gozag.
  7175 | D:7      | Reached ** piety under Okawaru
  7431 | D:7      | Found a blossoming altar of Fedhas.
  8092 | D:7      | Noticed a troll
  8092 | D:7      | Noticed a gargoyle
  8092 | D:7      | Noticed Harold
  8092 | D:7      | Noticed a cyclops
  8097 | D:7      | Reached skill level 7 in Long Blades
  8109 | D:7      | Killed Harold
  8109 | D:7      | Reached *** piety under Okawaru
  8110 | D:7      | Reached skill level 5 in Invocations
  8112 | D:7      | Killed an unseen horror
  8113 | D:7      | Reached XP level 10. HP: 70/76 MP: 13/13
  8115 | D:7      | Killed a cyclops
  8116 | D:7      | Reached skill level 5 in Dodging
  8116 | D:7      | Killed a gargoyle
  8155 | D:7      | Reached skill level 8 in Long Blades
  8881 | D:8      | Found Zeanuu's Jewellery Boutique.
  8951 | D:8      | Reached **** piety under Okawaru
  8992 | D:8      | Noticed a seven-headed hydra
  9620 | D:8      | Killed an eight-headed hydra
  9841 | D:8      | Noticed a green ugly thing
  9862 | D:8      | Killed a green ugly thing
  9863 | D:8      | Reached skill level 1 in Maces & Flails
 10251 | D:9      | Found Faehedos's Antique Armour Shoppe.
 10262 | D:9      | Gained mutation: You sometimes emit foul miasma when
                  | damaged in melee. [demonic ancestry]
 10262 | D:9      | Reached XP level 11. HP: 84/84 MP: 16/16
 10264 | D:9      | Gained mutation: Your magical capacity is low. (-10% MP)
                  | [potion of mutation]
 10264 | D:9      | Gained mutation: You are occasionally teleported next to
                  | monsters. [potion of mutation]
 10306 | D:9      | Noticed Psyche
 10322 | D:9      | Killed Psyche
 10322 | D:9      | Reached ***** piety under Okawaru
 10358 | D:9      | Found a stormy altar of Qazlal.
 10435 | D:8      | Reached skill level 9 in Long Blades
 10576 | D:9      | Noticed Erica
 10588 | D:9      | Killed Erica
 10604 | D:9      | Noticed a catoblepas
 10625 | D:9      | Killed a catoblepas
 10674 | D:9      | Received a gift from Okawaru
 10693 | D:9      | Found a sacrificial altar of Ru.
 10900 | D:9      | Found a staircase to the Lair.
 11167 | D:10     | Entered Level 10 of the Dungeon
 11176 | D:10     | Found a staircase to the Orcish Mines.
 11517 | D:10     | Killed from afar by a vampire

Illustrated notes

Levels and vault maps discovered:
D:1:      minmay_arrival_stone_box, layout_basic, due_unseen_surprise
D:2:      layout_basic, hellmonk_ecumenical_altar_run_dry, basic_altar,
          chequers_serial_rivers_micro_d
D:3:      layout_loops_ring, uniq_jessica
D:4:      layout_basic
D:5:      layout_basic, minmay_temple_entry_overgrown, minmay_pentangle,
          uniq_sigmund
D:6:      layout_basic, mainiacjoe_overflow_24_doors, lemuel_crystal_altar,
          gup_sewer_entry_bubbles, uniq_duvessa, uniq_blork_the_orc,
          uniq_crazy_yiuf_cottage
D:7:      minmay_chambers_of_sevens, layout_loops_ring,
          mainiacjoe_overflow_paths, mainiacjoe_overflow_tiny_flanked,
          fedhas_ov_isle_minmay, amcnicky_mini_pool_medium, uniq_harold
D:8:      layout_loops_cross, serial_shops, kennysheep_mini_moat
D:9:      layout_small_grid, mainiacjoe_overflow_six_doors_small,
          kennysheep_little_box, erik_lair_island, serial_shops,
          nicolae_stop_n_shop_1, minmay_misc_feat_alley, uniq_erica, uniq_psyche
D:10:     gammafunk_sealed_arena, layout_stronghold,
          beargit_hepliaklqana_dungeon_heroes, trog_ov_bears_minmay, david_orc_2
Temple:   oiseaux_autumnal_temple

Skill      XL: |  1  2  3  4  5  6  7  8  9 10 11 |
---------------+----------------------------------+-----
Long Blades    | 2 3 4 5 6 7 8 9 |  9.4
Shields        | 3 4 5 6 7 |  7.0
Armour         | 3 4 5 6 7 |  7.0
Dodging        | 1 2 3 4 5 6 |  6.3
Fighting       | 4 5 6 7 |  7.5
Invocations    | 3 5 6 7 |  7.6
Maces & Flails | 1 |  1.8

Action                   |  1- 3 |  4- 6 |  7- 9 | 10-12 || total
-------------------------+-------+-------+-------+-------++-------
Melee: Long sword        |   152 |    65 |   295 |   294 ||   806
       Kick              |       |    15 |   103 |   130 ||   248
       Unarmed           |       |       |    21 |       ||    21
       Mace              |       |       |       |     5 ||     5
Invok: Heroism           |       |       |     1 |       ||     1
  Use: Potion            |     1 |     6 |     2 |     6 ||    15
       Scroll            |     8 |     4 |     3 |     5 ||    20
 Stab: Petrified         |       |       |       |     4 ||     4
       Invisible         |       |       |       |     1 ||     1
Armor: Scale mail        |   102 |    17 |    13 |       ||   132
       Chain mail        |       |       |   164 |   219 ||   383
       Skin              |       |       |     4 |       ||     4
Dodge: Dodged            |    57 |    11 |   100 |    96 ||   264
Block: Kite shield       |   135 |    41 |   259 |   253 ||   688
       Other             |       |       |     5 |       ||     5
       Rpst.: Long sword |    26 |     3 |    19 |    21 ||    69

Table legend: (Time is in decaauts)
 A = Elapsed time spent in this place.
 B = Non-inter-level travel time spent in this place.
 C = Inter-level travel time spent in this place.
 D = Time resting spent in this place.
 E = Time spent auto-exploring this place.
 F = Levels seen in this place.
 G = Mean time per level.
                   A        B        C        D        E       F      G
               +--------+--------+--------+--------+--------+-----+--------+
         Total |  11743 |  11453 |    290 |   2264 |   6626 |  11 | 1067.5 |
       Dungeon |  11510 |  11238 |    272 |   2264 |   6425 |  10 | 1151.0 |
        Temple |    232 |    214 |     18 |      0 |    201 |   1 |  232.0 |
               +--------+--------+--------+--------+--------+-----+--------+

Top non-repeatable levels by time:
     D:7: 1687 daAuts
     D:5: 1605 daAuts
     D:1: 1595 daAuts
     D:6: 1560 daAuts
     D:8: 1341 daAuts
     D:2: 1318 daAuts
     D:3: 858 daAuts
     D:9: 857 daAuts
    D:10: 353 daAuts
     D:4: 332 daAuts
  Temple: 232 daAuts
